 Dungeon Sprint DCSS version 0.18.1-5-g4a78601 (webtiles) character file.

1043 pipel the Prestidigitator (level 8, -2/118 HPs)
             Began as a Troll Berserker on May 9, 2016.
             Was an Elder of Trog.
             Slain by a killer bee (11 damage)
             ... in the Dungeon (Sprint IV: "Fedhas' Mad Dash").
             The game lasted 00:05:07 (556 turns).

pipel the Prestidigitator (Troll Berserker)          Turns: 556, Time: 00:05:07

Health: -2/118     AC:  8    Str: 31    XL:     8   Next: 4%
Magic:  15/15      EV: 11    Int:  3    God:    Trog [****..]
Gold:   116        SH:  0    Dex: 11    Spells: 0 memorised, 7 levels left

rFire  . . .     SeeInvis .       - Unarmed
rCold  . . .     Gourm    +     a - +0 animal skin
rNeg   . . .     Faith    .     (no shield)
rPois  .         Spirit   .     (helmet restricted)
rElec  .         Dismiss  .     i - +2 cloak {+Inv}
rCorr  .         Reflect  .     (gloves unavailable)
SustAt .         Harm     .     (boots unavailable)
MR     .....     NoTele   +     (no amulet)
Stlth  ..........               (no ring)
                                (no ring)

@: berserking (expiring), lethally poisoned (-2 -> -15), very slightly
contaminated, very quick, not resistant to hostile enchantments, extremely
unstealthy
A: unfitting armour, claws 3, fast metabolism 3, gourmand, regeneration 2,
shaggy fur 1, tough skin 2
a: Berserk, Trog's Hand, Brothers in Arms, Burn Spellbooks, Renounce Religion,
Evoke Invisibility


You were in the Dungeon.
You worshipped Trog.
Trog was greatly pleased with you.
You were not hungry.

You visited 1 branch You collected 116 gold pieces.

Inventory:

Armour
 a - a +0 animal skin (worn)
 i - a +2 cloak of invisibility (worn)
 k - a +2 cloak of poison resistance
Scrolls
 h - a scroll of blinking
Potions
 c - a potion of curing
 d - a potion of heal wounds
 e - a potion of haste
 f - 2 potions of magic
 g - a potion of berserk rage
 j - a potion of might {unknown}


   Skills:
 - Level 4.3 Fighting
 - Level 4.1 Dodging
 + Level 7.0 Unarmed Combat
 - Level 11.6 Evocations


You had 7 spell levels left.
You didn't know any spells.

Dungeon Overview and Level Annotations

Branches:
Dungeon (1/1)

Altars:
Cheibriados
Dithmenos
Elyvilon
Gozag
Kikubaaqudgha
Makhleb
Nemelex Xobeh
Okawaru
Pakellas
Qazlal
Ru
Sif Muna
Trog
Vehumet
Xom
Yredelemnul
Zin
The Shining One
Beogh
Jiyva
Lugonu

Shops:
D =!}:


Innate Abilities, Weirdness & Mutations

You are too large for most types of armour.
You have claws for hands.
Your metabolism is lightning-fast.
You like to eat raw meat.
You heal very quickly.
You are covered in fur (AC +1).
You have very tough skin (AC +2).


Message History

You kill the killer bee!
Trog accepts your kill.
Your Unarmed Combat skill increases to level 7!
You feel sick. The killer bee stings you!
* * * LOW HITPOINT WARNING * * *
You take 11 damage, and have 19/118 hp.
You scratch the queen bee.
The queen bee is lightly wounded.
You feel sick. The killer bee closely misses you.
The queen bee stings you but does no damage.
The killer bee stings you!
* * * LOW HITPOINT WARNING * * *
You are lethally poisoned!
The killer bee poisons you!
You take 8 damage, and have 11/118 hp.
You closely miss the queen bee. Your claw misses the queen bee.
The queen bee is lightly wounded.
* * * LOW HITPOINT WARNING * * *
You feel sick. The killer bee stings you!
You die...

######################
#<..P#.....#.....#.⌠..
#PP..'†(...'.#(..'._._
#PPPP#.....#.#...#_._.
###############'##._._
#...♣y.......'...#.⌠..
#%..y@.♣.....#...#####
#...†.♣..♣..######
##+####+#####


You could see a queen bee and a killer bee (berserk).

Vanquished Creatures
  A burning bush (D)
  2 wandering mushrooms (D)
  2 scorpions (D)
  3 killer bees (D)
  4 oklob saplings (D)
  A worker ant (D)
  2 spriggans (D)
  A river rat (D)
  A rat (D)
17 creatures vanquished.

Notes
Turn   | Place    | Note
--------------------------------------------------------------
     0 | D        | pipel the Troll Berserker began the quest for the Orb.
     0 | D        | Reached XP level 1. HP: 22/22 MP: 0/0
     6 | D        | Reached XP level 2. HP: 31/31 MP: 1/1
    10 | D        | Reached ** piety under Trog
    56 | D        | Noticed an oklob sapling
    58 | D        | Killed an oklob sapling
    58 | D        | Reached XP level 3. HP: 39/39 MP: 2/2
    71 | D        | Reached skill level 5 in Unarmed Combat
    92 | D        | Found a snail-covered altar of Cheibriados.
    92 | D        | Found a glowing silver altar of Zin.
    92 | D        | Found a white marble altar of Elyvilon.
    92 | D        | Found a viscous altar of Jiyva.
    92 | D        | Found a radiant altar of Vehumet.
    92 | D        | Found a deep blue altar of Sif Muna.
    92 | D        | Found an ancient bone altar of Kikubaaqudgha.
    92 | D        | Found a bloodstained altar of Trog.
    92 | D        | Found a corrupted altar of Lugonu.
    92 | D        | Noticed an oklob sapling priest
   156 | D        | Found a burning altar of Makhleb.
   156 | D        | Found an oddly glowing altar of Pakellas.
   156 | D        | Found a sacrificial altar of Ru.
   157 | D        | Found a sparkling altar of Nemelex Xobeh.
   157 | D        | Found a glowing golden altar of the Shining One.
   158 | D        | Found a shadowy altar of Dithmenos.
   159 | D        | Found a shimmering altar of Xom.
   159 | D        | Found an iron altar of Okawaru.
   160 | D        | Found an opulent altar of Gozag.
   161 | D        | Found a roughly hewn altar of Beogh.
   161 | D        | Found a basalt altar of Yredelemnul.
   167 | D        | Killed an oklob sapling priest
   167 | D        | Reached skill level 3 in Evocations
   167 | D        | Reached XP level 4. HP: 49/49 MP: 1/5
   168 | D        | Found a stormy altar of Qazlal.
   210 | D        | Reached skill level 5 in Evocations
   210 | D        | Reached XP level 5. HP: 54/55 MP: 2/7
   224 | D        | Reached *** piety under Trog
   224 | D        | Reached skill level 6 in Evocations
   227 | D        | Reached skill level 7 in Evocations
   362 | D        | Found Zuaxiwn's Distillery.
   362 | D        | Found Tadway's Jewellery Emporium.
   370 | D        | Noticed a burning bush
   370 | D        | Noticed a wandering mushroom
   371 | D        | Noticed a wandering mushroom
   378 | D        | Killed a wandering mushroom
   378 | D        | Reached skill level 9 in Evocations
   378 | D        | Reached XP level 6. HP: 63/63 MP: 8/12
   383 | D        | Killed a burning bush
   383 | D        | Reached skill level 10 in Evocations
   383 | D        | Reached XP level 7. HP: 71/71 MP: 9/14
   386 | D        | Reached skill level 11 in Evocations
   392 | D        | Killed a wandering mushroom
   423 | D        | Found Ewotauc's Book Emporium.
   423 | D        | Found Osax's Gadget Shoppe.
   535 | D        | Noticed a queen bee
   545 | D        | Reached **** piety under Trog
   549 | D        | Reached XP level 8. HP: 79/79 MP: 15/15
   556 | D        | Slain by a killer bee

Skill      XL: |  1  2  3  4  5  6  7  8 |
---------------+-------------------------+-----
Fighting       | 3 4 |  4.3
Dodging        | 3 4 |  4.1
Unarmed Combat | 4 5 6 7 |  7.0
Evocations     | 3 5 9 10 11 | 11.6

Action                   |  1- 3 |  4- 6 |  7- 9 || total
-------------------------+-------+-------+-------++-------
Melee: Unarmed           |    22 |    21 |    26 ||    69
       Punch             |     1 |       |       ||     1
Invok: Berserk           |     1 |     2 |     1 ||     4
 Abil: Evoke Invisibilit |     1 |     2 |     2 ||     5
       Turn Visible      |       |       |     1 ||     1
  Use: Scroll            |       |       |     1 ||     1
 Stab: Invisible         |       |       |     2 ||     2
  Eat: Bread ration      |       |     1 |     1 ||     2
       Chunk             |       |     1 |       ||     1
Armor: Animal skin       |     3 |     5 |    12 ||    20
Dodge: Dodged            |     4 |     6 |    25 ||    35
